 Dungeon Crawl Stone Soup version 0.31-a0-1074-g0b22e4e0f1 (webtiles) character file.

Game seed: 1011370310773661678

27 bmb222 the Ruffian (level 3, 0/23 HPs)
             Began as an Octopode Shapeshifter on Nov 30, 2023.
             Slain by a worm (12 damage)
             ... on level 2 of the Dungeon.
             The game lasted 00:00:37 (587 turns).

bmb222 the Ruffian (Octopode Shapeshifter)           Turns: 587, Time: 00:00:38

Health: 0/23       AC:  1    Str: 15    XL:     3   Next: 10%
Magic:  3/3        EV: 13    Int: 12    God:
Gold:   101        SH:  0    Dex: 11    Spells: 2/2 levels left

rFire   . .          .
                       - Unarmed
rCold   . . .        (no shield)
rNeg    . . .        (helmet currently unavailable)
rPois   .            (no amulet)
rElec   .            (no ring)
rCorr   .            (no ring)
SInv    .            (no ring)
Will    .....        (no ring)
Stlth   +++          (no ring)
HPRegen 0.23/turn    (no ring)
MPRegen 0.08/turn    (no ring)
                     (no ring)

%: no passive effects
@: beast-form
A: beast (slay +1), almost no armour, amphibious, 8 rings, camouflage 1,
gelatinous body 1, (nimble swimmer 1), tentacles
a: Begin Untransformation


You were on level 2 of the Dungeon.
You were a hulking beast.
You visited 1 branch of the dungeon, and saw 2 of its levels.

You collected 101 gold pieces.

Inventory:

Jewellery
 n - a ring of fire
Talismans
 b - a beast talisman
 c - a flux talisman
Scrolls
 g - a scroll of revelation {unknown}
 h - 2 scrolls of noise {unknown}
 i - a scroll of enchant weapon {unknown}
 j - a scroll of torment {unknown}
 l - a scroll of enchant armour {unknown}
 m - a scroll of identify {unknown}
Potions
 a - a potion of lignification
 d - a potion of attraction {unknown}
 e - a potion of berserk rage {unknown}
 f - a potion of magic {unknown}
 k - a potion of curing {unknown}


   Skills:
 + Level 1.1 Fighting
 + Level 2.0 Dodging
 * Level 1.5 Stealth
 + Level 3.4 Unarmed Combat
 + Level 3.4 Shapeshifting


You had 2 spell levels left.
You didn't know any spells.
Your spell library contained the following spells:

 Spells                   Type           Power      Damage    Failure   Level
 Sublimation of Blood     Necr           0%         N/A       45%         2
 Wereblood                Tmut           0%         N/A       45%         2
 Dazzling Flash           Conj/Hex       0%         N/A       69%         3
 Tukima's Dance           Hex            0%         N/A       69%         3
 Passage of Golubria      Tloc           0%         N/A       97%         4
 Agony                    Necr           0%         N/A       100%        5
 Silence                  Hex/Air        0%         N/A       100%        5
 Yara's Violent Unravell  Hex/Tmut       0%         3d3       100%        5
 Summon Hydra             Summ           0%         N/A       100%        7


Dungeon Overview and Level Annotations

Branches:
Dungeon (2/15)

Altars:


Innate Abilities, Weirdness & Mutations

You are a hulking beast.
Your limbs bulge with bestial killing power. (Slay +1)
You cannot wear most types of armour.
You are amphibious.
You can wear up to eight rings at the same time.
Your skin changes colour to match your surroundings (Stealth+).
Your rubbery body absorbs attacks. (AC +1, EV +1)
((You are camouflaged when in or above water. (Stealth+)))
You have tentacles for arms and can constrict up to eight enemies at once.


Message History

You tentacle-slap the kobold.
You kill the kobold!
A giant cockroach is nearby!
A giant cockroach is nearby!
The giant cockroach completely misses you.
A giant cockroach is nearby!
You barely miss the giant cockroach. Your grab misses the giant cockroach.
The giant cockroach barely misses you.
A giant cockroach is nearby!
You tentacle-slap the giant cockroach. You grab the giant cockroach.
You squeeze the giant cockroach, but do no damage.
The giant cockroach is heavily wounded.
You constrict the giant cockroach.
You kill the giant cockroach!
HP restored.
You now have 101 gold pieces (gained 11).
You see here a giant cockroach corpse.
Found a club.
No target in view!
Found a stone staircase leading down.
No target in view!
Found a stone staircase leading up.
No target in view!
There is a stone staircase leading up here.
A worm comes into view.
A worm is nearby!
A worm is nearby!
A worm is nearby!
A worm is nearby!
The worm bites you!
A worm is nearby!
You tentacle-slap the worm. You grab the worm.
The worm is lightly wounded.
You constrict the worm.
A worm is nearby!
You bludgeon the worm!
The worm is heavily wounded.
You constrict the worm. The worm bites you!
Ouch! That really hurt!
You die...

######### .. .. #
#. #.## #. #.#.
#.## #... #...
#... ###..####.#
#####)..
#...w.....#
........† #h#
#.#####.. # #.#
#.# #. #.# # #.#
#.##.#.# #..
#......# ###
###.#### #<# #.#
#.################


You could see a worm.

Vanquished Creatures
  2 dart slugs (D:1)
  2 bats (D:1)
  2 endoplasms (D:1)
  A giant cockroach (D:2)
  A hobgoblin (D:1)
  A quokka (D:1)
  2 ball pythons (D:1)
  2 frilled lizards
  2 goblins (D:1)
  3 kobolds
  6 rats (D:1)
24 creatures vanquished.

Notes
Turn   | Place    | Note
-------+----------+-------------------------------------------
     0 | D:1      | bmb222 the Octopode Shapeshifter began the quest for the
                  | Orb.
     0 | D:1      | Reached XP level 1. HP: 13/13 MP: 1/1
    51 | D:1      | Reached XP level 2. HP: 18/18 MP: 2/2
    96 | D:1      | Reached skill level 1 in Stealth
   438 | D:2      | Reached XP level 3. HP: 23/23 MP: 3/3
   587 | D:2      | Slain by a worm

Illustrated notes

Levels and vault maps discovered:
D:1:      reono_arrival_mine, layout_rooms, minmay_vboxes
D:2:      layout_loops_cross, basic_altar

Skill      XL: |  1  2 |
---------------+-------+-----
Stealth        | 1 |  1.5
Fighting       | |  1.1
Dodging        | |  2.0
Unarmed Combat | |  3.4
Shapeshifting  | |  3.4

Action                     || total
---------------------------++-------
  Melee: Unarmed           ||    39
         Constrict         ||    11
         Tentacles         ||     5
         Punch             ||     1
   Stab: Sleeping          ||     4
 Armour: Skin              ||    13
  Dodge: Dodged            ||    13

Table legend: (Time is in decaauts)
 A = Elapsed time spent in this place.
 B = Non-inter-level travel time spent in this place.
 C = Inter-level travel time spent in this place.
 D = Time resting spent in this place.
 E = Time spent auto-exploring this place.
 F = Levels seen in this place.
 G = Mean time per level.
                   A        B        C        D        E       F      G
               +--------+--------+--------+--------+--------+-----+--------+
         Total |    584 |    579 |      5 |      0 |    443 |   2 |  292.0 |
       Dungeon |    584 |    579 |      5 |      0 |    443 |   2 |  292.0 |
               +--------+--------+--------+--------+--------+-----+--------+

Top non-repeatable levels by time:
     D:1: 426 daAuts
     D:2: 158 daAuts
